 Dungeon Crawl Stone Soup version 0.29.0-15-g675c0067aa (webtiles) character file.

Game seed: 1182426862862537943

48142 qw the Cleaver (level 14, 0/88 HPs)
             Began as a Gargoyle Fighter on Sept 12, 2022.
             Was an Elder of Okawaru.
             Slain by an angel
             ... wielding a +2 sacred scourge of holy wrath
              (16 damage)
             ... on level 4 of the Abyss.
             The game lasted 00:07:36 (19957 turns).

qw the Cleaver (Gargoyle Fighter)                  Turns: 19957, Time: 00:07:36

Health: 0/88       AC: 55    Str: 24    XL:     14   Next: 45%
Magic:  19/21      EV:  7    Int: 10    God:    Okawaru [****..]
Gold:   1535       SH: 12    Dex:  9    Spells: 13/13 levels left

rFire   + . .      SeeInvis +   Y - +3 war axe (flame)
rCold   . . .      Faith    .   t - +0 kite shield
rNeg    + . .      Spirit   .   j - +6 crystal plate armour
rPois   inf        Reflect  .   p - +1 helmet
rElec   +          Harm     .   a - +0 cloak
rCorr   .          Rampage  inf e - +2 pair of gloves
Will    +....                   x - +3 pair of seven-league boots {Rampage+∞}
Stlth   ..........              (no amulet)
HPRegen 0.24/turn               k - ring of see invisible
MPRegen 0.17/turn               r - ring of protection from fire

@: about to teleport, heroic, on berserk cooldown, flying, slowed, glowing, very
slow
A: sickness immunity, AC +10, big wings, negative energy resistance 1,
electricity resistance, torment resistance 1, petrification resistance
a: Renounce Religion, Heroism, Finesse


You were on level 4 of the Abyss.
You worshipped Okawaru.
Okawaru was greatly pleased with you.
You visited 3 branches of the dungeon, and saw 18 of its levels.
You visited the Abyss 1 time.
You also visited: Ossuary.

You collected 1886 gold pieces.
You spent 351 gold pieces at shops.


Innate Abilities, Weirdness & Mutations

You are immune to sickness and miasma.
Your stone body is resilient. (AC +10)
You are immune to poison.
Your large and strong wings let you fly.
You resist negative energy. (rN+)
You are resistant to electric shocks. (rElec)
You are resistant to unholy torment.
You are immune to petrification.


   Skills:
 - Level 10.0(15.0) Fighting
 - Level 14.0(19.0) Axes
 - Level 2.2(7.2) Throwing
 - Level 13.1(18.1) Armour
 - Level 2.4(7.4) Dodging
 + Level 11.0(16.0) Shields
 - Level 10.0 Invocations


You had 13 spell levels left.
You didn't know any spells.
Your spell library was empty.

Inventory:

Hand Weapons
 Y - a +3 war axe of flaming (weapon)
Missiles
 s - 2 boomerangs (quivered)
Armour
 a - a +0 cloak (worn)
 e - a +2 pair of gloves (worn)
 j - a +6 crystal plate armour (worn)
 p - a +1 helmet (worn)
 t - a +0 kite shield (worn)
 x - the +3 pair of seven-league boots (worn) {Rampage+∞}
   (You found it on level 2 of the Lair of Beasts)

   Its wearer moves as far as possible in that direction when moving towards
   enemies.
Jewellery
 c - a +6 ring of dexterity
 k - a ring of see invisible (left hand)
 q - a ring of fire
 r - a ring of protection from fire (right hand)
 v - a ring of protection from cold
Scrolls
 b - 6 scrolls of identify
 l - 2 scrolls of blinking
 o - 2 scrolls of teleportation
 w - 2 scrolls of fog
Potions
 d - a potion of might
 f - 5 potions of haste
 h - 6 potions of cancellation
 i - 3 potions of lignification
 m - 2 potions of resistance
 n - 2 potions of attraction
 u - 6 potions of curing
 z - a potion of magic
 A - a potion of mutation

Dungeon Overview and Level Annotations

Branches:
Dungeon (12/15)            Temple (1/1) D:7            Lair (5/5) D:10
  Swamp (0/4) Lair:3       Spider (0/4) Lair:2        Slime (0/5) Lair:5
Ossuary (visited)
    Orc: D:9-12

Altars:
Cheibriados
Dithmenos
Elyvilon
Fedhas
Gozag
Hepliaklqana
Kikubaaqudgha
Makhleb
Okawaru
Ru
Sif Muna
Trog
Uskayaw
Wu Jian
Xom
Yredelemnul
Jiyva
Lugonu

Shops:
D:3 (   D:5 ?   D:6 =   D:7 :   D:9 [   D:10 :

Portals:
Abyss: D:6

Annotations:
D:2 1 runed translucent door, Crazy Yiuf
D:11 Rupert
D:12 Sonja
Lair:5 1 runed translucent door


Message History

The angel is lightly wounded.
The angel barely misses you.
The angel hits you with a +2 sacred scourge of holy wrath!
The angel hits you with a +2 sacred scourge of holy wrath.
The angel hits you but does no damage.
19951 ||| READING 3 scrolls of teleportation.
As you read the scroll of teleportation, it crumbles to dust.
You feel strangely unstable.
You feel the power of the Abyss delaying your translocation!
The angel hits you but does no damage. x3
The angel hits you with a +2 sacred scourge of holy wrath.
19952 ||| DRINKING potion of heal wounds.
You feel much better. The angel hits you but does no damage.
You block the angel's attack.
The angel hits you but does no damage. x2
The angel hits you with a +2 sacred scourge of holy wrath.
You block the angel's attack.
You hit the angel but do no damage. The angel hits you but does no damage.
You block the angel's attack.
You slice the angel!! You burn the angel.
The angel is moderately wounded.
You feel like a meek peon again.
The angel hits you with a +2 sacred scourge of holy wrath!
The angel hits you with a +2 sacred scourge of holy wrath.
The angel barely misses you. The angel hits you but does no damage.
19955 ||| INVOKING Heroism.
You gain the combat prowess of a mighty hero.
The angel hits you but does no damage. You block the angel's attack. x2
The angel hits you but does no damage.
The angel hits you with a +2 sacred scourge of holy wrath.
You block the angel's attack.
You miss the angel.
The angel is moderately wounded.
The angel hits you but does no damage. x2
You barely miss the angel.
The angel is lightly wounded.
You feel a little less agile now. The angel hits you but does no damage.
The angel barely misses you.
The angel hits you with a +2 sacred scourge of holy wrath!
You die...

.... #.. #
... #
##..#.
.... #
#.###..#..
##... ..#
###.# .#
.. #.@#.#
.# #A##
2...


#Bw #...... ### ####.# ... . (.. #$( ### You could see an angel, a boulder
beetle and a tyrant leech.

Vanquished Creatures
  2 very ugly things (Abyss:4)
  2 dire elephants (Lair:5)
  A green death (Abyss:4)
  5 hydras
  3 boulder beetles
  4 two-headed ogres
  7 death yaks (Lair:5)
  A thrashing horror (Abyss:4)
  A bog body (Lair:3)
  3 lindwurms (Lair:5)
  A necromancer (Lair:3)
  A deep elf pyromancer (D:10)
  An ugly thing (Abyss:4)
  6 elephants
  2 black mambas
  A guardian serpent (Lair:2)
  An apocalypse crab (Abyss:4)
  A torpor snail (Lair:4)
  10 cane toads
  4 rime drakes
  5 komodo dragons
  A hornet (D:7)
  3 trolls
  A polar bear (Lair:3)
  8 blink frogs
  8 dream sheep
  48 yaks
  A vampire (D:11)
  A wraith (D:10)
  2 wyverns
  5 basilisks
  A redback (Lair:2)
  3 swamp worms (D:11)
  4 large abominations (Abyss:4)
  11 water moccasins
  4 orc warriors
  An ogre (D:5)
  3 black bears
  2 sky beasts
  5 wolves
  3 centaurs
  5 kobold brigands
  5 elf zombies (Ossuary)
  4 scorpions
  12 bullfrogs
  A gnoll sergeant (D:7)
  13 wights
  9 killer bees
  2 electric eels
  6 howler monkeys
  3 centaur zombies (Ossuary)
  4 human zombies (Ossuary)
  4 hounds
  2 jellies
  5 orc priests
  2 gnoll boudas (D:7)
  An iron imp (D:3)
  Natasha (thrice) (D:2)
  7 hell rats (Lair:4)
  3 iguanas
  12 orc wizards
  3 wolf simulacra (Lair:3)
  3 yak simulacra (Lair:3)
  3 polar bear simulacra (Lair:3)
  3 mummies (Ossuary)
  10 adders
  11 gnolls (D:7)
  A shadow imp (D:6)
  3 white imps
  An ufetubus (D:6)
  3 dart slugs
  54 orcs
  8 ball pythons
  6 bats
  3 endoplasms
  2 giant cockroaches (D:1)
  9 hobgoblins
  20 kobolds
  3 quokkas
  4 frilled lizards
  4 goblins
  5 rats
  2 river rat simulacra (Lair:3)
  A lurking horror (D:6)
442 creatures vanquished.

Vanquished Creatures (others)
  A bush (D:7)
  19 fungi
  22 plants
42 creatures vanquished.

Grand Total: 484 creatures vanquished

Notes
Turn   | Place    | Note
-------+----------+-------------------------------------------
     0 | D:1      | qw the Gargoyle Fighter began the quest for the Orb.
     0 | D:1      | Reached XP level 1. HP: 14/14 MP: 1/1
     0 | D:1      | 0 ||| qw: Version: 0.1-a-119-g272c26d
     0 | D:1      | 0 ||| qw: Game counter: 10956
     0 | D:1      | 0 ||| qw: Always use a shield: true
     0 | D:1      | 0 ||| qw: God list: Okawaru
     0 | D:1      | 0 ||| qw: Allow faded altars: false
     0 | D:1      | 0 ||| qw: Do Orc after D:15 true
     0 | D:1      | 0 ||| qw: Do second Lair branch before Depths: true
     0 | D:1      | 0 ||| qw: Lair rune preference: random
     0 | D:1      | 0 ||| qw: Plans: Normal, Zot, God:TSO, Crypt, Tomb, Pan,
                  | Slime, Hells, Zig, Abyss, Orb
     0 | D:1      | 0 ||| PLANNING D:1-11
    59 | D:1      | Reached skill level 2 in Axes
   210 | D:1      | Reached XP level 2. HP: 13/19 MP: 2/2
   760 | D:1      | Found a faded altar of an unknown god.
   836 | D:1      | 836 ||| UPGRADING to +0 pair of gloves.
   841 | D:1      | 841 ||| READING 4 scrolls labelled ZAXAIXKACS.
   842 | D:1      | 842 ||| READING 3 scrolls of enchant armour.
   842 | D:1      | 842 ||| ENCHANTING +0 pair of gloves.
   843 | D:1      | 843 ||| READING 2 scrolls of enchant armour.
   843 | D:1      | 843 ||| ENCHANTING +1 pair of gloves.
   876 | D:2      | 876 ||| STAIRDANCE
   880 | D:2      | Noticed Natasha
   881 | D:2      | 881 ||| STAIRDANCE
   888 | D:1      | Reached skill level 3 in Axes
   893 | D:1      | Reached XP level 3. HP: 12/23 MP: 3/3
  1059 | D:2      | Killed Natasha
  1144 | D:2      | Reached XP level 4. HP: 28/28 MP: 4/4
  1421 | D:2      | Noticed Natasha
  1422 | D:2      | 1422 ||| Stepping ~*~*~tactically~*~*~ (hiding).
  1438 | D:2      | Killed Natasha
  1439 | D:2      | Reached skill level 4 in Axes
  1637 | D:2      | Found a runed translucent door.
  1638 | D:2      | 1638 ||| DROPPING +0 club.
  1639 | D:2      | Noticed Crazy Yiuf
  1778 | D:2      | Noticed Natasha
  1788 | D:2      | Killed Natasha
  1789 | D:2      | Reached XP level 5. HP: 30/32 MP: 5/5
  2028 | D:2      | 2028 ||| UPGRADING to ring of see invisible.
  2029 | D:2      | 2029 ||| READING scroll labelled UCRUN WOORALEO.
  2030 | D:2      | 2030 ||| READING scroll labelled FIRIYDOGUWK.
  2031 | D:2      | 2031 ||| READING scroll labelled NIHOTAHYCI.
  2032 | D:2      | 2032 ||| READING scroll labelled UNUIQE UM RI XITO.
  2033 | D:2      | 2033 ||| READING scroll labelled XOOCRE MUMNIST.
  2085 | D:2      | 2085 ||| DRINKING 2 metallic silvery potions.
  2086 | D:2      | 2086 ||| DROPPING potion of magic.
  2124 | D:3      | 2124 ||| STAIRDANCE
  2211 | D:3      | 2211 ||| STAIRDANCE
  2331 | D:3      | Found a hide-covered altar of Uskayaw.
  2357 | D:3      | 2357 ||| Stepping ~*~*~tactically~*~*~ (hiding).
  2365 | D:3      | Reached skill level 5 in Axes
  2365 | D:3      | 2365 ||| Stepping ~*~*~tactically~*~*~ (hiding).
  2377 | D:3      | Found a snail-covered altar of Cheibriados.
  2378 | D:3      | 2378 ||| UPGRADING to +0 chain mail.
  2379 | D:3      | 2379 ||| Stepping ~*~*~tactically~*~*~ (stealth).
  2380 | D:3      | 2380 ||| UPGRADING to +0 chain mail.
  2402 | D:3      | 2402 ||| Stepping ~*~*~tactically~*~*~ (stealth).
  2473 | D:3      | 2473 ||| DROPPING +0 scale mail.
  2643 | D:3      | 2643 ||| UPGRADING to +0 helmet.
  2648 | D:3      | 2648 ||| READING scroll of enchant armour.
  2648 | D:3      | 2648 ||| ENCHANTING +0 helmet.
  2669 | D:3      | 2669 ||| Stepping ~*~*~tactically~*~*~ (stealth).
  2670 | D:3      | 2670 ||| Stepping ~*~*~tactically~*~*~ (stealth).
  2680 | D:3      | Found a shadowy altar of Dithmenos.
  2687 | D:3      | 2687 ||| Stepping ~*~*~tactically~*~*~ (stealth).
  2737 | D:3      | 2737 ||| FLEEEEING.
  2743 | D:3      | 2743 ||| FLEEEEING.
  2744 | D:3      | 2744 ||| FLEEEEING.
  2746 | D:3      | 2746 ||| STAIRDANCE
  2778 | D:2      | 2778 ||| DROPPING +0 hammer.
  2819 | D:2      | 2819 ||| DROPPING ring of flight.
  2820 | D:2      | 2820 ||| READING scroll labelled BEOSCH YTIL.
  2821 | D:2      | 2821 ||| DROPPING +0 morningstar.
  2822 | D:2      | 2822 ||| READING scroll labelled TEIXTOORI.
  2823 | D:2      | 2823 ||| READING scroll labelled MAB OPIOT KOROLES.
  2824 | D:2      | 2824 ||| READING 2 scrolls of identify.
  2824 | D:2      | 2824 ||| IDENTIFYING metallic ruby potion
  2825 | D:2      | 2825 ||| DROPPING potion of flight.
  2975 | D:3      | Found Qurudu's Weapon Shoppe.
  2976 | D:3      | 2976 ||| Stepping ~*~*~tactically~*~*~ (hiding).
  2986 | D:3      | Reached XP level 6. HP: 38/38 MP: 6/6
  3061 | D:3      | Reached skill level 1 in Throwing
  3397 | D:3      | 3397 ||| READING scroll labelled WIJ NOLUDGHOECA.
  3398 | D:3      | 3398 ||| DRINKING 2 viscous ruby potions.
  3424 | D:3      | 3424 ||| DRINKING 2 fizzy amethyst potions.
  3425 | D:3      | 3425 ||| DROPPING potion of brilliance.
  3456 | D:4      | 3456 ||| PLANNING OSSUARY
  3467 | D:4      | 3467 ||| Stepping ~*~*~tactically~*~*~ (hiding).
  3481 | D:4      | 3481 ||| Stepping ~*~*~tactically~*~*~ (stealth).
  3493 | D:4      | 3493 ||| Stepping ~*~*~tactically~*~*~ (hiding).
  3494 | D:4      | 3494 ||| Stepping ~*~*~tactically~*~*~ (hiding).
  3496 | D:4      | 3496 ||| Stepping ~*~*~tactically~*~*~ (hiding).
  3642 | D:4      | Found a sand-covered staircase.
  3643 | D:4      | 3643 ||| READING scroll labelled FUTZORCH LEAKU.
  3730 | D:4      | 3730 ||| Stepping ~*~*~tactically~*~*~ (stealth).
  3731 | D:4      | 3731 ||| READING 2 scrolls of identify.
  3731 | D:4      | 3731 ||| IDENTIFYING viscous grey potion
  3744 | Ossuary  | Entered an ossuary
  3790 | Ossuary  | Reached skill level 6 in Axes
  3977 | Ossuary  | Reached XP level 7. HP: 43/43 MP: 7/7
  3994 | Ossuary  | Reached skill level 1 in Dodging
  4199 | Ossuary  | Reached skill level 7 in Axes
  4423 | Ossuary  | 4423 ||| READING scroll labelled ESUECVAET.
  4481 | Ossuary  | 4481 ||| READING 2 scrolls labelled YREIRPH ZOOGG.
  4482 | Ossuary  | 4482 ||| READING scroll of enchant weapon.
  4482 | Ossuary  | 4482 ||| ENCHANTING +1 war axe of flaming.
  4483 | Ossuary  | 4483 ||| DRINKING 2 bubbling puce potions.
  4484 | Ossuary  | 4484 ||| READING 4 scrolls of identify.
  4484 | Ossuary  | 4484 ||| IDENTIFYING pink potion
  4498 | D:4      | 4498 ||| PLANNING D:1-11
  4603 | D:4      | Reached XP level 8. HP: 49/49 MP: 8/8
  4796 | D:4      | 4796 ||| Stepping ~*~*~tactically~*~*~ (hiding).
  4993 | D:4      | 4993 ||| Stepping ~*~*~tactically~*~*~ (stealth).
  4994 | D:4      | 4994 ||| Stepping ~*~*~tactically~*~*~ (stealth).
  5311 | D:4      | 5311 ||| READING scroll labelled WANOUKL MOURUS.
  5311 | D:4      | Identified a scroll of acquirement
  5311 | D:4      | 5311 ||| ACQUIRING +2 crystal plate armour
  5311 | D:4      | Acquired a +2 crystal plate armour
  5313 | D:4      | 5313 ||| UPGRADING to +2 crystal plate armour.
  5323 | D:4      | 5323 ||| DROPPING +0 chain mail.
  5324 | D:4      | 5324 ||| READING scroll labelled ARPHUJ COMOXTA.
  5352 | D:5      | Entered Level 5 of the Dungeon
  5438 | D:5      | Found Bewuv's Magic Scroll Emporium.
  5542 | D:5      | 5542 ||| BUYING scroll of identify (26 gold).
  5542 | D:5      | Bought a scroll of identify for 26 gold pieces
  5550 | D:5      | Found an opulent altar of Gozag.
  5613 | D:5      | Found a white marble altar of Elyvilon.
  5623 | D:5      | 5623 ||| Stepping ~*~*~tactically~*~*~ (hiding).
  5679 | D:5      | Reached skill level 6 in Armour
  5894 | D:5      | 5894 ||| DROPPING +1 war axe of distortion.
  6183 | D:5      | 6183 ||| UPGRADING to +6 ring of dexterity.
  6184 | D:5      | 6184 ||| READING 6 scrolls of identify.
  6184 | D:5      | 6184 ||| IDENTIFYING emerald potion
  6185 | D:5      | 6185 ||| DROPPING potion of berserk rage.
  6242 | D:6      | Reached skill level 8 in Axes
  6242 | D:6      | Reached XP level 9. HP: 54/54 MP: 9/9
  6294 | D:6      | 6294 ||| Stepping ~*~*~tactically~*~*~ (hiding).
  6586 | D:6      | 6586 ||| Stepping ~*~*~tactically~*~*~ (hiding).
  6603 | D:6      | Reached skill level 6 in Fighting
  6688 | D:6      | 6688 ||| Stepping ~*~*~tactically~*~*~ (hiding).
  6824 | D:6      | 6824 ||| Stepping ~*~*~tactically~*~*~ (hiding).
  6868 | D:6      | Found Woxt's Jewellery Shoppe.
  6938 | D:6      | 6938 ||| SHOPLISTING +4 ring of evasion (468 gold, have
                  | 341).
  6938 | D:6      | 6938 ||| SHOPLISTING +4 ring of protection (468 gold, have
                  | 341).
  6938 | D:6      | 6938 ||| SHOPLISTING +6 ring of dexterity (468 gold, have
                  | 341).
  6938 | D:6      | 6938 ||| SHOPLISTING +6 ring of strength (468 gold, have
                  | 341).
  6938 | D:6      | 6938 ||| SHOPLISTING amulet of the acrobat (390 gold, have
                  | 341).
  6938 | D:6      | 6938 ||| BUYING ring of fire (325 gold).
  6938 | D:6      | Bought a ring of fire for 325 gold pieces
  6938 | D:6      | 6938 ||| SHOPLISTING ring of fire (325 gold, have 16).
  6938 | D:6      | 6938 ||| SHOPLISTING ring of protection from cold (325
                  | gold, have 16).
  6938 | D:6      | 6938 ||| SHOPLISTING ring of see invisible (195 gold, have
                  | 16).
  6938 | D:6      | 6938 ||| SHOPLISTING ring of willpower (325 gold, have 16).
  6941 | D:6      | Found a one-way gate to the infinite horrors of the Abyss.
  6943 | D:6      | Found a corrupted altar of Lugonu.
  6990 | D:6      | 6990 ||| READING scroll of enchant armour.
  6990 | D:6      | 6990 ||| ENCHANTING +2 crystal plate armour.
  7158 | D:6      | 7158 ||| FLEEEEING.
  7159 | D:6      | 7159 ||| FLEEEEING.
  7170 | D:6      | 7170 ||| FLEEEEING.
  7171 | D:6      | 7171 ||| FLEEEEING.
  7172 | D:6      | 7172 ||| FLEEEEING.
  7173 | D:6      | 7173 ||| FLEEEEING.
  7180 | D:6      | 7180 ||| FLEEEEING.
  7181 | D:6      | 7181 ||| FLEEEEING.
  7182 | D:6      | 7182 ||| FLEEEEING.
  7183 | D:6      | 7183 ||| FLEEEEING.
  7184 | D:6      | 7184 ||| FLEEEEING.
  7185 | D:6      | 7185 ||| FLEEEEING.
  7186 | D:6      | 7186 ||| FLEEEEING.
  7187 | D:6      | 7187 ||| STAIRDANCE
  7289 | D:5      | 7289 ||| UPGRADING to +0 cloak.
  7294 | D:5      | 7294 ||| DRINKING 2 lumpy ruby potions.
  7295 | D:5      | 7295 ||| DROPPING potion of invisibility.
  7306 | D:6      | 7306 ||| READING scroll of enchant armour.
  7306 | D:6      | 7306 ||| ENCHANTING +3 crystal plate armour.
  7425 | D:6      | Found an ornate altar of the Wu Jian Council.
  7722 | D:7      | Found an iron altar of Okawaru.
  7840 | D:7      | 7840 ||| Stepping ~*~*~tactically~*~*~ (hiding).
  7914 | D:7      | Reached skill level 9 in Axes
  7915 | D:7      | Found a staircase to the Ecumenical Temple.
  7916 | D:7      | 7916 ||| PLANNING TEMPLE
  7930 | D:7      | Became a worshipper of Warmaster Okawaru
  8179 | Temple   | Entered the Ecumenical Temple
  8180 | Temple   | 8180 ||| PLANNING D:1-11
  8180 | Temple   | 8180 ||| READING 8 scrolls of identify.
  8180 | Temple   | 8180 ||| IDENTIFYING golden potion
  8234 | D:7      | Found Duuthrul's Vocational Training.
  8286 | D:7      | 8286 ||| Stepping ~*~*~tactically~*~*~ (stealth).
  8289 | D:7      | 8289 ||| Stepping ~*~*~tactically~*~*~ (hiding).
  8298 | D:7      | Reached XP level 10. HP: 53/63 MP: 10/10
  8378 | D:7      | Reached * piety under Okawaru
  8385 | D:7      | Reached skill level 9 in Armour
  8513 | D:7      | Reached skill level 1 in Invocations
  8560 | D:7      | 8560 ||| UPGRADING to +0 kite shield.
  8570 | D:7      | 8570 ||| DROPPING +0 buckler.
  8571 | D:7      | 8571 ||| UPGRADING to ring of protection from fire.
  8627 | D:8      | 8627 ||| INVOKING Heroism.
  8726 | D:8      | 8726 ||| Stepping ~*~*~tactically~*~*~ (hiding).
  8731 | D:8      | 8731 ||| INVOKING Heroism.
  8738 | D:8      | 8738 ||| DRINKING 2 potions of curing.
  8738 | D:8      | 8738 ||| (to cure confusion)
  8815 | D:8      | 8815 ||| INVOKING Heroism.
  8882 | D:8      | 8882 ||| Stepping ~*~*~tactically~*~*~ (stealth).
  8883 | D:8      | 8883 ||| Stepping ~*~*~tactically~*~*~ (stealth).
  8885 | D:8      | 8885 ||| Stepping ~*~*~tactically~*~*~ (stealth).
  8892 | D:8      | 8892 ||| Stepping ~*~*~tactically~*~*~ (stealth).
  8893 | D:8      | 8893 ||| Stepping ~*~*~tactically~*~*~ (stealth).
  8906 | D:8      | Reached skill level 3 in Invocations
  8916 | D:8      | Reached ** piety under Okawaru
  9068 | D:8      | 9068 ||| Stepping ~*~*~tactically~*~*~ (hiding).
  9236 | D:8      | 9236 ||| READING scroll of enchant armour.
  9236 | D:8      | 9236 ||| ENCHANTING +4 crystal plate armour.
  9251 | D:8      | 9251 ||| INVOKING Heroism.
  9427 | D:8      | 9427 ||| READING scroll labelled PALYAR LITUSM.
  9444 | D:9      | 9444 ||| Stepping ~*~*~tactically~*~*~ (stealth).
  9449 | D:9      | 9449 ||| INVOKING Heroism.
  9455 | D:9      | Reached skill level 6 in Shields
  9543 | D:9      | 9543 ||| Stepping ~*~*~tactically~*~*~ (stealth).
  9623 | D:9      | 9623 ||| Stepping ~*~*~tactically~*~*~ (stealth).
  9651 | D:9      | 9651 ||| INVOKING Heroism.
  9799 | D:9      | 9799 ||| INVOKING Heroism.
  9849 | D:9      | Found Bettep's Armour Emporium.
 10022 | D:9      | 10022 ||| INVOKING Heroism.
 10024 | D:9      | 10024 ||| DRINKING potion of curing.
 10024 | D:9      | 10024 ||| (to cure confusion)
 10180 | D:9      | 10180 ||| Stepping ~*~*~tactically~*~*~ (stealth).
 10182 | D:9      | 10182 ||| INVOKING Heroism.
 10188 | D:9      | 10188 ||| Stepping ~*~*~tactically~*~*~ (stealth).
 10191 | D:9      | 10191 ||| Stepping ~*~*~tactically~*~*~ (stealth).
 10282 | D:9      | Found a shimmering blue altar of Sif Muna.
 10381 | D:9      | 10381 ||| READING scroll of enchant armour.
 10381 | D:9      | 10381 ||| ENCHANTING +5 crystal plate armour.
 10587 | D:9      | 10587 ||| READING 8 scrolls of identify.
 10587 | D:9      | 10587 ||| IDENTIFYING brown potion
 10604 | D:10     | Entered Level 10 of the Dungeon
 10632 | D:10     | 10632 ||| Stepping ~*~*~tactically~*~*~ (stealth).
 10633 | D:10     | Noticed a deep elf pyromancer
 10639 | D:10     | 10639 ||| INVOKING Heroism.
 10642 | D:10     | Killed a deep elf pyromancer
 10646 | D:10     | 10646 ||| Stepping ~*~*~tactically~*~*~ (hiding).
 10648 | D:10     | 10648 ||| Stepping ~*~*~tactically~*~*~ (hiding).
 10867 | D:10     | Found an ancient bone altar of Kikubaaqudgha.
 10867 | D:10     | Found a blossoming altar of Fedhas.
 10881 | D:10     | 10881 ||| INVOKING Heroism.
 10890 | D:10     | Reached skill level 9 in Shields
 10890 | D:10     | Reached XP level 11. HP: 67/67 MP: 12/14
 10971 | D:10     | Identified the +1 chain mail of the Desert {Fly rF+}
 11032 | D:10     | Found a staircase to the Lair.
 11147 | D:10     | 11147 ||| INVOKING Heroism.
 11148 | D:10     | Noticed a two-headed ogre
 11158 | D:10     | Killed a two-headed ogre
 11158 | D:10     | Reached *** piety under Okawaru
 11159 | D:10     | Reached skill level 10 in Axes
 11435 | D:10     | Found Zapebo's Self-Improvement Boutique.
 11470 | D:10     | 11470 ||| PLANNING LAIR
 11470 | D:10     | 11470 ||| DROPPING ring of wizardry.
 11508 | Lair:1   | Entered Level 1 of the Lair of Beasts
 11642 | Lair:1   | 11642 ||| INVOKING Heroism.
 11674 | Lair:1   | 11674 ||| INVOKING Heroism.
 11704 | Lair:1   | Noticed a six-headed hydra
 11705 | Lair:1   | 11705 ||| INVOKING Heroism.
 11720 | Lair:1   | Killed a one-headed hydra
 11763 | Lair:1   | 11763 ||| Stepping ~*~*~tactically~*~*~ (stealth).
 12218 | Lair:1   | 12218 ||| INVOKING Heroism.
 12550 | Lair:1   | 12550 ||| READING 8 scrolls of identify.
 12550 | Lair:1   | 12550 ||| IDENTIFYING smoky golden potion
 12551 | Lair:1   | 12551 ||| DROPPING potion of ambrosia.
 12596 | Lair:2   | 12596 ||| Stepping ~*~*~tactically~*~*~ (stealth).
 12597 | Lair:2   | 12597 ||| INVOKING Heroism.
 12614 | Lair:2   | Received a gift from Okawaru
 12686 | Lair:2   | 12686 ||| INVOKING Heroism.
 12693 | Lair:2   | Reached **** piety under Okawaru
 12831 | Lair:2   | 12831 ||| Stepping ~*~*~tactically~*~*~ (stealth).
 12832 | Lair:2   | 12832 ||| Stepping ~*~*~tactically~*~*~ (stealth).
 12833 | Lair:2   | 12833 ||| INVOKING Heroism.
 12836 | Lair:2   | 12836 ||| Stepping ~*~*~tactically~*~*~ (stealth).
 12988 | Lair:2   | 12988 ||| Stepping ~*~*~tactically~*~*~ (stealth).
 12989 | Lair:2   | 12989 ||| Stepping ~*~*~tactically~*~*~ (stealth).
 13031 | Lair:2   | 13031 ||| Stepping ~*~*~tactically~*~*~ (hiding).
 13043 | Lair:2   | Reached ***** piety under Okawaru
 13044 | Lair:2   | Reached skill level 11 in Axes
 13052 | Lair:2   | Found a hole to the Spider Nest.
 13070 | Lair:2   | 13070 ||| INVOKING Heroism.
 13199 | Lair:2   | 13199 ||| INVOKING Heroism.
 13208 | Lair:2   | Reached XP level 12. HP: 61/73 MP: 14/16
 13213 | Lair:2   | Reached skill level 6 in Invocations
 13309 | Lair:2   | 13309 ||| Stepping ~*~*~tactically~*~*~ (stealth).
 13328 | Lair:2   | Identified the +7 executioner's axe "Futtoqie" {freeze, rN+
                  | Dex+4} (Okawaru gifted it to you on level 2 of the Lair of
                  | Beasts)
 13328 | Lair:2   | Received a gift from Okawaru
 13466 | Lair:2   | 13466 ||| INVOKING Heroism.
 13633 | Lair:2   | Noticed a boulder beetle
 13634 | Lair:2   | 13634 ||| INVOKING Heroism.
 13635 | Lair:2   | 13635 ||| INVOKING Finesse.
 13636 | Lair:2   | 13636 ||| INVOKING Finesse.
 13653 | Lair:2   | Killed a boulder beetle
 13783 | Lair:2   | Noticed a boulder beetle
 13783 | Lair:2   | Found the +3 pair of seven-league boots {Rampage+∞}
 13784 | Lair:2   | 13784 ||| INVOKING Heroism.
 13785 | Lair:2   | 13785 ||| INVOKING Finesse.
 13793 | Lair:2   | Killed a boulder beetle
 13794 | Lair:2   | Reached skill level 9 in Fighting
 14099 | Lair:2   | 14099 ||| UPGRADING to +3 pair of seven-league boots
                  | {Rampage+∞}.
 14157 | Lair:3   | 14157 ||| INVOKING Heroism.
 14171 | Lair:3   | Noticed a five-headed hydra
 14182 | Lair:3   | 14182 ||| INVOKING Heroism.
 14185 | Lair:3   | Killed a one-headed hydra
 14185 | Lair:3   | Received a gift from Okawaru
 14237 | Lair:3   | Noticed a seven-headed hydra
 14238 | Lair:3   | 14238 ||| Stepping ~*~*~tactically~*~*~ (stealth).
 14241 | Lair:3   | 14241 ||| Stepping ~*~*~tactically~*~*~ (stealth).
 14252 | Lair:3   | 14252 ||| INVOKING Heroism.
 14262 | Lair:3   | Killed a two-headed hydra
 14333 | Lair:3   | 14333 ||| Stepping ~*~*~tactically~*~*~ (stealth).
 14468 | Lair:3   | 14468 ||| Stepping ~*~*~tactically~*~*~ (stealth).
 14619 | Lair:3   | Reached skill level 9 in Invocations
 14704 | Lair:3   | 14704 ||| INVOKING Heroism.
 14969 | Lair:3   | Noticed a seven-headed hydra
 14971 | Lair:3   | 14971 ||| INVOKING Heroism.
 14980 | Lair:3   | Killed a two-headed hydra
 15020 | Lair:3   | Found a staircase to the Swamp.
 15030 | Lair:3   | 15030 ||| READING scroll of acquirement.
 15030 | Lair:3   | 15030 ||| ACQUIRING 952 gold pieces
 15030 | Lair:3   | Acquired 952 gold pieces
 15229 | Lair:3   | 15229 ||| INVOKING Heroism.
 15267 | Lair:3   | 15267 ||| INVOKING Heroism.
 15383 | Lair:3   | You fall into a shaft and drop 1 floor!
 15392 | Lair:4   | 15392 ||| READING 7 scrolls of identify.
 15392 | Lair:4   | 15392 ||| IDENTIFYING smoky pink potion
 15454 | Lair:3   | Noticed a seven-headed hydra
 15455 | Lair:3   | 15455 ||| INVOKING Heroism.
 15462 | Lair:3   | Killed a one-headed hydra
 15463 | Lair:3   | Reached XP level 13. HP: 76/80 MP: 18/20
 15535 | Lair:4   | 15535 ||| STAIRDANCE
 15549 | Lair:3   | 15549 ||| INVOKING Heroism.
 15552 | Lair:3   | Identified the +2 scale mail of Aruy {Dex+2 Slay+3}
                  | (Okawaru gifted it to you on level 3 of the Lair of Beasts)
 15552 | Lair:3   | Received a gift from Okawaru
 15704 | Lair:4   | 15704 ||| STAIRDANCE
 15710 | Lair:4   | 15710 ||| STAIRDANCE
 15736 | Lair:4   | 15736 ||| STAIRDANCE
 15756 | Lair:4   | 15756 ||| INVOKING Heroism.
 15758 | Lair:4   | 15758 ||| STAIRDANCE
 15774 | Lair:4   | 15774 ||| STAIRDANCE
 15827 | Lair:4   | 15827 ||| STAIRDANCE
 15831 | Lair:3   | Reached skill level 12 in Axes
 15843 | Lair:4   | 15843 ||| STAIRDANCE
 16373 | Lair:4   | 16373 ||| Stepping ~*~*~tactically~*~*~ (hiding).
 16375 | Lair:4   | 16375 ||| Stepping ~*~*~tactically~*~*~ (hiding).
 16390 | Lair:4   | 16390 ||| Stepping ~*~*~tactically~*~*~ (stealth).
 16484 | Lair:4   | 16484 ||| Stepping ~*~*~tactically~*~*~ (stealth).
 16486 | Lair:4   | 16486 ||| Stepping ~*~*~tactically~*~*~ (stealth).
 16493 | Lair:4   | 16493 ||| INVOKING Heroism.
 16517 | Lair:4   | Reached skill level 12 in Armour
 16523 | Lair:4   | 16523 ||| Stepping ~*~*~tactically~*~*~ (stealth).
 16601 | Lair:4   | 16601 ||| INVOKING Heroism.
 16602 | Lair:4   | 16602 ||| INVOKING Finesse.
 16855 | Lair:5   | Entered Level 5 of the Lair of Beasts
 16855 | Lair:5   | Found a frozen archway.
 16856 | Lair:5   | 16856 ||| INVOKING Heroism.
 16859 | Lair:5   | 16859 ||| STAIRDANCE
 16870 | Lair:5   | 16870 ||| INVOKING Heroism.
 16918 | Lair:5   | 16918 ||| INVOKING Heroism.
 17224 | Lair:5   | 17224 ||| INVOKING Heroism.
 17225 | Lair:5   | 17225 ||| INVOKING Finesse.
 17737 | Lair:5   | Identified the +9 shortbow of the Hugging Messenger {flame,
                  | rC++ Str-5}
 17742 | Lair:5   | 17742 ||| Stepping ~*~*~tactically~*~*~ (hiding).
 17744 | Lair:5   | 17744 ||| INVOKING Heroism.
 17780 | Lair:5   | 17780 ||| Stepping ~*~*~tactically~*~*~ (hiding).
 17781 | Lair:5   | 17781 ||| Stepping ~*~*~tactically~*~*~ (stealth).
 17782 | Lair:5   | 17782 ||| Stepping ~*~*~tactically~*~*~ (stealth).
 17788 | Lair:5   | 17788 ||| INVOKING Heroism.
 17793 | Lair:5   | Identified the +4 halberd of Harmony {vorpal, Dex+3}
                  | (Okawaru gifted it to you on level 5 of the Lair of Beasts)
 17793 | Lair:5   | Received a gift from Okawaru
 17821 | Lair:5   | Noticed a dire elephant
 17824 | Lair:5   | Reached skill level 13 in Axes
 17838 | Lair:5   | Killed a dire elephant
 17847 | Lair:5   | 17847 ||| INVOKING Finesse.
 17848 | Lair:5   | 17848 ||| INVOKING Heroism.
 17875 | Lair:5   | HP: 16/82 [death yak (12)]
 17876 | Lair:5   | 17876 ||| READING 5 scrolls of teleportation.
 17877 | Lair:5   | 17877 ||| DRINKING 2 potions of heal wounds.
 18087 | Lair:5   | Found a runed translucent door.
 18088 | Lair:5   | Found a viscous altar of Jiyva.
 18090 | Lair:5   | Found a staircase to the Slime Pits.
 18133 | Lair:5   | 18133 ||| INVOKING Heroism.
 18134 | Lair:5   | 18134 ||| INVOKING Finesse.
 18194 | Lair:5   | 18194 ||| Stepping ~*~*~tactically~*~*~ (hiding).
 18199 | Lair:5   | Gained mutation: Your large and strong wings let you fly.
                  | [Gargoyle growth]
 18199 | Lair:5   | Reached XP level 14. HP: 88/88 MP: 21/21
 18254 | Lair:5   | 18254 ||| Stepping ~*~*~tactically~*~*~ (stealth).
 18257 | Lair:5   | 18257 ||| INVOKING Heroism.
 18258 | Lair:5   | 18258 ||| INVOKING Finesse.
 18284 | Lair:5   | Noticed a dire elephant
 18285 | Lair:5   | 18285 ||| Stepping ~*~*~tactically~*~*~ (stealth).
 18302 | Lair:5   | Killed a dire elephant
 18671 | Lair:5   | 18671 ||| PLANNING D:1-11
 18671 | Lair:5   | 18671 ||| DROPPING +1 hat.
 18672 | Lair:5   | 18672 ||| READING 7 scrolls of identify.
 18672 | Lair:5   | 18672 ||| IDENTIFYING sedimented purple potion
 18673 | Lair:5   | 18673 ||| DROPPING potion of degeneration.
 18789 | D:11     | 18789 ||| Stepping ~*~*~tactically~*~*~ (stealth).
 18791 | D:11     | 18791 ||| INVOKING Heroism.
 18794 | D:11     | 18794 ||| Stepping ~*~*~tactically~*~*~ (stealth).
 18796 | D:11     | 18796 ||| STAIRDANCE
 18809 | D:11     | 18809 ||| STAIRDANCE
 18943 | D:11     | 18943 ||| Stepping ~*~*~tactically~*~*~ (stealth).
 18979 | D:11     | 18979 ||| Stepping ~*~*~tactically~*~*~ (stealth).
 19104 | D:11     | 19104 ||| Stepping ~*~*~tactically~*~*~ (stealth).
 19106 | D:11     | 19106 ||| Stepping ~*~*~tactically~*~*~ (stealth).
 19173 | D:11     | Received a gift from Okawaru
 19215 | D:11     | 19215 ||| Stepping ~*~*~tactically~*~*~ (stealth).
 19230 | D:11     | 19230 ||| Stepping ~*~*~tactically~*~*~ (stealth).
 19231 | D:11     | 19231 ||| Stepping ~*~*~tactically~*~*~ (stealth).
 19235 | D:11     | 19235 ||| INVOKING Heroism.
 19269 | D:11     | 19269 ||| Stepping ~*~*~tactically~*~*~ (stealth).
 19375 | D:11     | 19375 ||| Stepping ~*~*~tactically~*~*~ (hiding).
 19376 | D:11     | 19376 ||| INVOKING Heroism.
 19481 | D:11     | 19481 ||| Stepping ~*~*~tactically~*~*~ (stealth).
 19564 | D:11     | 19564 ||| READING scroll of enchant weapon.
 19564 | D:11     | 19564 ||| ENCHANTING +2 war axe of flaming.
 19593 | D:11     | 19593 ||| PLANNING D
 19702 | D:12     | Noticed Rupert
 19702 | D:12     | Noticed Sonja
 19703 | D:12     | 19703 ||| INVOKING Heroism.
 19706 | D:12     | 19706 ||| STAIRDANCE
 19708 | D:11     | 19708 ||| DRINKING 7 potions of curing.
 19708 | D:11     | 19708 ||| (to cure confusion)
 19715 | Abyss:4  | Cast into level 4 of the Abyss (Rupert)
 19767 | Abyss:4  | Noticed a cyan very ugly thing
 19768 | Abyss:4  | 19768 ||| Stepping ~*~*~tactically~*~*~ (stealth).
 19782 | Abyss:4  | Noticed a cyan very ugly thing
 19785 | Abyss:4  | Found a corrupted altar of Lugonu.
 19793 | Abyss:4  | 19793 ||| INVOKING Heroism.
 19799 | Abyss:4  | Killed a green very ugly thing
 19808 | Abyss:4  | Killed a brown very ugly thing
 19812 | Abyss:4  | 19812 ||| Stepping ~*~*~tactically~*~*~ (stealth).
 19818 | Abyss:4  | 19818 ||| Stepping ~*~*~tactically~*~*~ (stealth).
 19820 | Abyss:4  | 19820 ||| Stepping ~*~*~tactically~*~*~ (stealth).
 19828 | Abyss:4  | 19828 ||| INVOKING Heroism.
 19860 | Abyss:4  | 19860 ||| Stepping ~*~*~tactically~*~*~ (stealth).
 19877 | Abyss:4  | 19877 ||| INVOKING Heroism.
 19903 | Abyss:4  | 19903 ||| Stepping ~*~*~tactically~*~*~ (hiding).
 19905 | Abyss:4  | 19905 ||| Stepping ~*~*~tactically~*~*~ (hiding).
 19912 | Abyss:4  | Reached skill level 14 in Axes
 19914 | Abyss:4  | 19914 ||| Stepping ~*~*~tactically~*~*~ (cloud).
 19917 | Abyss:4  | HP: 18/88 [titan zombie (24)]
 19918 | Abyss:4  | 19918 ||| READING 4 scrolls of teleportation.
 19919 | Abyss:4  | 19919 ||| DRINKING 2 potions of heal wounds.
 19935 | Abyss:4  | 19935 ||| Stepping ~*~*~tactically~*~*~ (hiding).
 19936 | Abyss:4  | 19936 ||| INVOKING Heroism.
 19939 | Abyss:4  | Noticed an angel
 19950 | Abyss:4  | HP: 22/88 [angel/+2 sacred scourge of holy wrath (8)]
 19951 | Abyss:4  | 19951 ||| READING 3 scrolls of teleportation.
 19952 | Abyss:4  | 19952 ||| DRINKING potion of heal wounds.
 19955 | Abyss:4  | 19955 ||| INVOKING Heroism.
 19955 | Abyss:4  | HP: 15/88 [angel/+2 sacred scourge of holy wrath (3)]
 19957 | Abyss:4  | Slain by an angel

Levels and vault maps discovered:
D:1:      kennysheep_arrival_seaside, layout_basic,
          dreamdust_ecumenical_altar_hidden_monk_grotto,
          minmay_misc_feat_encased
D:2:      layout_loops_ring, grunt_ministairs_13,
          corexii_item_surrounded_by_moat, uniq_crazy_yiuf_cottage, uniq_natasha
D:3:      layout_loops_ring, mainiacjoe_overflow_alcove_1,
          nicolae_dithmenos_shadow_blocks, slow_altar_1, serial_shops,
          nicolae_shop_bloodbath_and_beyond, nicolae_eternal_life, st_stairs_14
D:4:      layout_basic, enter_ossuary_3
D:5:      layout_cave_pods, grunt_gozag_statues,
          mainiacjoe_overflow_small_starburst, serial_shops,
          nicolae_diamond_shop
D:6:      kb_forest_paths, layout_loops_ring, kennysheep_mini, serial_shops,
          shop, amcnicky_altar_lugonu_corruption
D:7:      layout_rooms, mainiacjoe_overflow_surrounded_room,
          minmay_temple_entry_overgrown, nicolae_shop_vocational
D:8:      nicolae_cairo_tiling_very_big, layout_basic
D:9:      layout_layer_cave, tgw_sif, serial_shops, nicolae_shop_waterfront
D:10:     layout_irregular_city, grunt_temple_overflow_growth_and_decay,
          lair_entry_dummy, nicolae_shop_self_help
D:11:     layout_loops_cross, corexii_leaking_fountain, worms_lemuel
D:12:     minmay_bloctagon, layout_rooms, orc_david_3, uniq_rupert,
          uniq_jorgrun, uniq_sonja, uniq_nergalle, uniq_snorg
Temple:   nicolae_temple_ecumenical_triangle
Lair:1:   layout_long_grid, lemuel_fruit_tree, serial_bayou_shore_a
Lair:2:   layout_regular_city, spider_nest_entry_a,
          hellmonk_guarded_unrand_seven_league_boots, serial_bayou_shore_b
Lair:3:   layout_cave_pods, skrybe_swamp_entry_bodies,
          chequers_serial_rivers_micro_a, serial_bayou_pond_b,
          eino_house_with_fridge, infiniplex_staircase_pool_2
Lair:4:   layout_roguey
Lair:5:   hangedman_lair_in_review, layout_hall_layers, slime_entry_2,
          portal_ice_cave_entry_pillars_1
Abyss:4:  base: D:4, base: D:10, minivault_22, nicolae_abyss_rune_left_handed,
          evilmike_abyss_exit_10, hangedman_stitches_earthworm,
          nicolae_abyss_rune_left_handed

Skill      XL: |  1  2  3  4  5  6  7  8  9 10 11 12 13 14 |
---------------+-------------------------------------------+-----
Axes           | 2 3 4 5 6 7 8 9 11 13 14 | 14.0
Fighting       | 4 5 7 8 9 10 | 10.0
Throwing       | 1 2 |  2.2
Dodging        | 1 2 |  2.4
Armour         | 6 8 9 10 11 12 13 | 13.1
Shields        | 4 9 10 11 | 11.0
Invocations    | 4 5 10 | 10.0

Action                   |  1- 3 |  4- 6 |  7- 9 | 10-12 | 13-15 || total
-------------------------+-------+-------+-------+-------+-------++-------
Melee: War axe           |    77 |   165 |   321 |   546 |   557 ||  1666
Throw: Javelin           |       |    12 |    46 |    18 |       ||    76
       Boomerang         |       |       |       |    97 |    59 ||   156
Invok: Heroism           |       |       |       |    32 |    22 ||    54
       Finesse           |       |       |       |     2 |     5 ||     7
  Use: Scroll            |     3 |    13 |    10 |     7 |     5 ||    38
       Potion            |       |     3 |     2 |     2 |     4 ||    11
 Stab: Invisible         |       |       |     2 |       |       ||     2
Armor: Scale mail        |    49 |    49 |       |       |       ||    98
       Chain mail        |       |    48 |    58 |       |       ||   106
       Skin              |       |     1 |       |       |       ||     1
       Crystal plate arm |       |       |   225 |   384 |   313 ||   922
Dodge: Dodged            |    43 |    66 |    75 |    83 |    82 ||   349
Block: Buckler           |    11 |    29 |    70 |       |       ||   110
       Kite shield       |       |       |       |   273 |   240 ||   513

Table legend:
 A = Non-vault XP
 B = Vault XP
 C = Vault XP percentage of total XP
 D = Non-vault monster count
 E = Vault monster count
 F = Vault count percentage of total count
                 A         B        C        D         E       F
            +---------+---------+-------+---------+---------+-------
      Total |   51930 |   16845 |  24.5 |     372 |      69 |  15.6
            +---------+---------+-------+---------+---------+-------
        D:1 |      39 |       4 |   9.3 |      17 |       2 |  10.5
        D:2 |     103 |      39 |  27.5 |      18 |       2 |  10.0
        D:3 |     117 |      39 |  25.0 |      17 |       1 |   5.6
        D:4 |     299 |       0 |   0.0 |      21 |       0 |   0.0
        D:5 |     809 |       0 |   0.0 |      20 |       0 |   0.0
        D:6 |     393 |     472 |  54.6 |      16 |       6 |  27.3
        D:7 |    2008 |       0 |   0.0 |      40 |       0 |   0.0
        D:8 |    1807 |       0 |   0.0 |      23 |       0 |   0.0
        D:9 |    1141 |       0 |   0.0 |      35 |       0 |   0.0
       D:10 |    3379 |       0 |   0.0 |      16 |       0 |   0.0
       D:11 |    3241 |     478 |  12.9 |      19 |       3 |  13.6
     Lair:1 |    1629 |       0 |   0.0 |       6 |       0 |   0.0
     Lair:2 |    9039 |    2882 |  24.2 |      37 |       6 |  14.0
     Lair:3 |    8563 |    1604 |  15.8 |      28 |      13 |  31.7
     Lair:4 |    6052 |       0 |   0.0 |      27 |       0 |   0.0
     Lair:5 |    7333 |   10510 |  58.9 |      22 |      21 |  48.8
    Abyss:4 |    5978 |       0 |   0.0 |      10 |       0 |   0.0
    Ossuary |       0 |     817 | 100.0 |       0 |      15 | 100.0
            +---------+---------+-------+---------+---------+-------
